 Dungeon Crawl Stone Soup version 0.19.4-8-ga85b6b9 (webtiles) character file.

36864 empire the Protected (level 13, -15/119 HPs)
             Began as a Minotaur Fighter on Feb 9, 2017.
             Was an Elder of Nemelex Xobeh.
             Hit by a large rock thrown by a cyclops (17 damage)
             ... on level 2 of the Orcish Mines.
             The game lasted 00:48:08 (14358 turns).

empire the Protected (Minotaur Fighter)            Turns: 14358, Time: 00:48:08

Health: -15/119    AC: 20    Str: 27    XL:     13   Next: 55%
Magic:  18/18      EV: 12    Int:  8    God:    Nemelex Xobeh [****..]
Gold:   838        SH: 16    Dex: 11    Spells: 2 memorised, 7 levels left

rFire  + . .     SeeInvis .     b - +3 scimitar
rCold  . . .     Gourm    .     V - +0 mottled dragon scales
rNeg   . . .     Faith    .     X - +3 shield
rPois  +         Spirit   .     Y - +1 hat {Int+3}
rElec  +         Reflect  .     Q - +2 cloak {rPois}
rCorr  .         Harm     .     Z - +1 pair of gloves
MR     +....                    W - +0 pair of boots
Stlth  +.........               (no amulet)
                                J - ring of protection from magic
                                U - +3 ring of slaying

@: drained
A: retaliatory headbutt, horns 2, repulsion field 1, iridescent scales 1, fire
resistance 1, electricity resistance, strong 1, sturdy frame 1
a: Triple Draw, Deal Four, Renounce Religion


You were on level 2 of the Orcish Mines.
You worshipped Nemelex Xobeh.
Nemelex Xobeh was greatly pleased with you.
You were not hungry.

You visited 3 branches of the dungeon, and saw 18 of its levels.

You collected 1079 gold pieces.
You spent 241 gold pieces at shops.

Inventory:

Hand Weapons
 b - a +3 scimitar (weapon)
Armour
 Q - a +2 cloak of poison resistance (worn)
 V - +0 mottled dragon scales (worn)
 W - a +0 pair of boots (worn)
 X - a +3 shield (worn)
 Y - a +1 hat of intelligence (worn)
 Z - a +1 pair of gloves (worn)
Jewellery
 c - an uncursed ring of protection from fire
 n - an uncursed ring of flight
 J - a ring of protection from magic (right hand)
 U - a +3 ring of slaying (left hand)
Wands
 g - a wand of disintegration (6/24)
 h - a wand of iceblast (15/15)
 s - a wand of acid (0/15)
 t - a wand of enslavement (9/24)
 y - a wand of disintegration (3/24)
 B - a wand of heal wounds (0/9)
 H - a wand of digging (16/24)
Scrolls
 q - a scroll of fog
 v - 2 scrolls of remove curse
 A - 3 scrolls of amnesia
 C - a scroll of silence
 D - 7 scrolls of teleportation
 O - a scroll of acquirement
Potions
 i - 2 potions of haste
 o - a potion of invisibility
 r - 4 potions of lignification
 I - a potion of agility
Miscellaneous
 d - a plain deck of destruction {drawn: 1}
 m - an ornate deck of summoning
 N - an ornate deck of escape
 T - a plain deck of escape
Comestibles
 a - 3 chunks of flesh
 f - 10 bread rations
 j - 10 meat rations
 l - 4 fruits
 z - 5 beef jerkies
 G - 2 royal jellies
 R - 8 slices of pizza


   Skills:
 + Level 12.6(12.3) Fighting
 + Level 12.2(11.9) Long Blades
 + Level 12.7(12.5) Armour
 + Level 12.7(12.4) Shields
 + Level 8.1(7.9) Invocations
 + Level 7.5(7.3) Evocations


You had 7 spell levels left.
You knew the following spells:

 Your Spells              Type           Power        Failure   Level  Hunger
a - Confuse               Hex            #.......     99%         3    ####...
b - Swiftness             Chrm/Air       #.......     87%         2    ###....


Dungeon Overview and Level Annotations

Branches:
Dungeon (15/15)            Temple (1/1) D:7            Lair (0/6) D:9
    Orc (2/2) D:12            Elf (0/3) Orc:2        Vaults (0/5) D:13
 Depths: D:15

Altars:
Ashenzari
Cheibriados
Dithmenos
Elyvilon
Fedhas
Gozag
Hepliaklqana
Kikubaaqudgha
Makhleb
Nemelex Xobeh
Okawaru
Qazlal
Ru
Sif Muna
Trog
Uskayaw
Vehumet
Xom
Yredelemnul
Zin
The Shining One

Shops:
D:4 (}!?   D:6 }%?=   Orc:2 =(%=


Innate Abilities, Weirdness & Mutations

You reflexively headbutt those who attack you in melee.
You have a pair of horns on your head.
You are surrounded by a mild repulsion field. (EV +2)
You are partially covered in iridescent scales. (AC +2)
Your flesh is heat resistant. (rF+)
You are resistant to electric shocks. (rElec)
Your muscles are strong. (Str +2)
Your movements are slightly less encumbered by armour. (ER -2)


Message History

You hear the rumble of an avalanche of rocks nearby.
Evoke which item? (* to show all) (? for menu, Esc to quit)
You draw a card...
It is the Illusion.
Suddenly you stand beside yourself.
The cyclops throws a large rock.
You block the large rock.
Evoke which item? (* to show all) (? for menu, Esc to quit)
You draw a card...
It is the Illusion.
The deck of cards disappears without a trace.
Suddenly you stand beside yourself. What are your orders? t - Shout!
Orders for allies: a - Attack new target. r - Retreat! s - Stop attacking. g - Guard the area. f - Follow me.
Anything else - Cancel.
Gang up on whom?
Press: ? - help, Dir - move target cursor, f - cyclops
Aim: a cyclops Attack!
The cyclops throws a large rock.
The large rock hits you!
You die...
Your body glows slightly and disappears.

##.##
####...............
###...#
##.#...#.#.........
#.##..##.#.....>....C#..
............#...........
......##.#.##..#........
####...#####...##(.(...
...##...# ##).#.......
....##..# ##.....#.#..
.....#..# ##.#@(@#### o
.....#..###....@.#
.....#..##.....)##
#....#..#..)....###
..#..#..#))#......##
.##................#
..#.....)...))###.##
.##..).......).# ##
..#..#.....##.#.#


You could see a cyclops, 2 friendly dancing weapons and 2 friendly empire's
illusions.

Vanquished Creatures
  Gastronok (D:9)
  The ghost of Wardy1 the Blocker, a journeyman HOFi of Kikubaaqudgha (D:11)
  An ogre mage (D:11)
  A hydra (D:10)
  A catoblepas (D:14)
  2 centaur warriors
  2 unseen horrors
  4 hill giants
  A wizard (D:14)
  Pikel (D:5)
  A wolf spider zombie (D:15)
  5 orc sorcerers
  2 ugly things (D:14)
  2 deep elf magi
  Maurice (D:8)
  A black mamba (shapeshifter) (D:15)
  The ghost of Tramtrist the Covert, a novice SpAs of Vehumet (D:6)
  A yaktaur (shapeshifter) (D:13)
  A komodo dragon (D:13)
  6 trolls
  4 two-headed ogres
  A hornet (D:14)
  3 slime creatures (D:12)
  A meliai zombie (D:13)
  A hippogriff (D:7)
  Sigmund (D:6)
  A shadow (D:14)
  2 vampires (D:10)
  4 wyverns
  A human (D:13)
  13 yaks
  A hog (D:13)
  A mottled dragon (D:13)
  4 wargs
  A water moccasin (D:11)
  2 porcupines (D:9)
  A soldier ant (D:14)
  3 sky beasts
  5 orc warriors
  A hornet zombie (D:14)
  2 ice beasts
  3 phantoms
  10 centaurs
  A necrophage (D:12)
  14 ogres
  5 crocodiles
  A big kobold (D:7)
  Blork the orc (D:5)
  10 bullfrogs
  A wyvern zombie (D:6)
  A scorpion (D:4)
  6 wights (D:11)
  6 killer bees (D:9)
  7 howler monkeys
  4 centaur zombies
  8 crimson imps
  2 bullfrog zombies
  5 hounds
  6 jellies
  6 orc priests
  A bullfrog skeleton (D:12)
  A centaur skeleton (D:5)
  7 iguanas
  11 orc wizards
  4 worker ants
  A hound skeleton (D:6)
  7 adders
  2 river rats (D:9)
  6 shadow imps
  An ooze (D:4)
  An adder skeleton (D:5)
  5 worms
  4 leopard geckos
  28 orcs
  5 bats
  10 giant cockroaches
  14 goblins
  8 hobgoblins
  12 jackals
  6 quokkas
  2 ball pythons
  5 frilled lizards
  10 kobolds
  A quokka skeleton (D:5)
  6 rats
344 creatures vanquished.

Vanquished Creatures (collateral kills)
  Nessos (D:12)
  A hydra (D:13)
  Erica (D:8)
  2 centaur warriors (D:14)
  An orc high priest (Orc:2)
  A wizard (D:13)
  2 ugly things (D:14)
  An orc sorcerer (Orc:2)
  An orc knight (Orc:2)
  A deep elf mage (D:12)
  A cyclops (D:12)
  A water nymph (D:12)
  2 trolls
  5 vampire mosquitoes (D:14)
  A warg (Orc:2)
  An ice beast (D:8)
  11 orc warriors
  A sky beast (D:12)
  2 ogres
  3 centaurs (D:14)
  A hound (D:8)
  9 orc priests (Orc:2)
  10 orc wizards
  3 gnolls (D:10)
  12 orcs
75 creatures vanquished.

Vanquished Creatures (others)
  A golden eye (D:12)
  A hungry ghost (D:12)
  A warg (Orc:2)
  A slave (D:5)
  An orc warrior (Orc:2)
  A phantom (D:5)
  A crimson imp (D:5)
  A bullfrog skeleton (D:5)
  2 orc priests (Orc:2)
  3 orc wizards (Orc:2)
  An iguana (D:5)
  A ball lightning (Orc:2)
  2 orcs (Orc:2)
17 creatures vanquished.

Grand Total: 436 creatures vanquished

Notes
Turn   | Place    | Note
-------+----------+-------------------------------------------
     0 | D:1      | empire the Minotaur Fighter began the quest for the Orb.
     0 | D:1      | Reached XP level 1. HP: 19/19 MP: 0/0
   227 | D:1      | Reached XP level 2. HP: 22/27 MP: 1/1
   801 | D:2      | Found a faded altar of an unknown god.
   855 | D:2      | Reached XP level 3. HP: 11/33 MP: 2/2
  1593 | D:3      | Reached XP level 4. HP: 40/40 MP: 3/3
  2003 | D:4      | Reached XP level 5. HP: 16/47 MP: 4/4
  2293 | D:4      | Reached skill level 5 in Fighting
  2318 | D:4      | Found Nesat's Weapon Emporium.
  2337 | D:4      | Found Dudy's Gadget Boutique.
  2424 | D:4      | Noticed an ogre
  2435 | D:4      | Killed an ogre
  2435 | D:4      | Reached skill level 5 in Shields
  2435 | D:4      | Reached XP level 6. HP: 30/56 MP: 5/5
  2564 | D:4      | Found a hazy altar of Hepliaklqana.
  2569 | D:4      | Reached skill level 5 in Armour
  2658 | D:4      | Found a white marble altar of Elyvilon.
  2764 | D:4      | Found Pitz's Distillery.
  2770 | D:4      | Bought a potion of invisibility for 88 gold pieces
  2770 | D:4      | Bought a potion of mutation for 27 gold pieces
  2770 | D:4      | Bought a potion of lignification for 33 gold pieces
  2770 | D:4      | Gained mutation: You are surrounded by a mild repulsion field. (EV +2) [potion of mutation]
  2770 | D:4      | Gained mutation: Your flesh is heat resistant. (rF+) [potion of mutation]
  2770 | D:4      | Gained mutation: You are partially covered in iridescent scales. (AC +2) [potion of mutation]
  2842 | D:4      | Reached skill level 5 in Long Blades
  3022 | D:4      | Found Ducs's Magic Scroll Boutique.
  3025 | D:4      | Bought a scroll of fog for 22 gold pieces
  3099 | D:5      | Entered Level 5 of the Dungeon
  3130 | D:5      | Reached XP level 7. HP: 58/62 MP: 6/6
  3231 | D:5      | Noticed Blork the orc
  3238 | D:5      | Found a deep blue altar of Sif Muna.
  3258 | D:5      | Killed Blork the orc
  3333 | D:5      | Found a sacrificial altar of Ru.
  3381 | D:5      | Noticed Pikel
  3392 | D:5      | Killed Pikel
  3392 | D:5      | Reached XP level 8. HP: 46/71 MP: 7/7
  3507 | D:5      | Found an iron altar of Okawaru.
  3509 | D:5      | Found a glowing silver altar of Zin.
  3512 | D:5      | Found a glowing golden altar of the Shining One.
  3724 | D:6      | Found Nibirrul's Jewellery Emporium.
  3733 | D:6      | Bought a cursed -2 ring of evasion for 26 gold pieces
  4041 | D:6      | Noticed Sigmund
  4048 | D:6      | Killed Sigmund
  4153 | D:6      | Reached XP level 9. HP: 78/81 MP: 8/8
  4246 | D:6      | Found Kasa's Food Boutique.
  4249 | D:6      | Found Nompoelo's Gadget Shop.
  4274 | D:6      | Noticed Tramtrist's ghost (novice SpAs)
  4293 | D:6      | Killed Tramtrist's ghost
  4295 | D:6      | Found Rehistra's Magic Scroll Emporium.
  4300 | D:6      | Bought a scroll of identify for 30 gold pieces
  4300 | D:6      | Bought a scroll of noise for 15 gold pieces
  4311 | D:6      | Learned a level 3 spell: Confuse
  4314 | D:6      | Learned a level 2 spell: Swiftness
  4488 | D:7      | Found a staircase to the Ecumenical Temple.
  4601 | Temple   | Entered the Ecumenical Temple
  4975 | Temple   | Became a worshipper of Nemelex Xobeh the Trickster
  5006 | D:7      | Received a gift from Nemelex Xobeh
  5273 | D:7      | Reached skill level 1 in Invocations
  5273 | D:7      | Reached skill level 1 in Evocations
  5666 | D:8      | Reached * piety under Nemelex Xobeh
  5680 | D:8      | Received a gift from Nemelex Xobeh
  5688 | D:8      | Noticed Erica
  5721 | D:8      | Killed Erica
  5984 | D:8      | Noticed Maurice
  6001 | D:8      | Killed Maurice
  6001 | D:8      | Reached XP level 10. HP: 72/91 MP: 9/11
  6216 | D:8      | Found an ancient bone altar of Kikubaaqudgha.
  6416 | D:8      | Noticed a hill giant
  6426 | D:8      | Killed a hill giant
  6631 | D:8      | Found a sacrificial altar of Ru.
  6636 | D:8      | Found a shattered altar of Ashenzari.
  6651 | D:8      | Found a stormy altar of Qazlal.
  6694 | D:8      | Received a gift from Nemelex Xobeh
  7278 | D:9      | Found a bloodstained altar of Trog.
  7349 | D:9      | Found a burning altar of Makhleb.
  7365 | D:9      | Found a burning altar of Makhleb.
  7593 | D:9      | Found a staircase to the Lair.
  7811 | D:9      | Identified 2 scrolls of acquirement
  8025 | D:9      | Noticed Gastronok
  8056 | D:9      | Killed Gastronok
  8056 | D:9      | Reached skill level 10 in Fighting
  8056 | D:9      | Reached skill level 10 in Armour
  8056 | D:9      | Reached skill level 10 in Shields
  8056 | D:9      | Reached XP level 11. HP: 54/100 MP: 11/13
  8239 | D:9      | Found a basalt altar of Yredelemnul.
  8302 | D:9      | Reached ** piety under Nemelex Xobeh
  8417 | D:10     | Entered Level 10 of the Dungeon
  8518 | D:10     | Received a gift from Nemelex Xobeh
  8520 | D:10     | Noticed a four-headed hydra
  8532 | D:10     | Killed a six-headed hydra
  8562 | D:10     | Reached skill level 10 in Long Blades
  9013 | D:10     | Noticed a deep elf mage
  9030 | D:10     | Killed a deep elf mage
  9039 | D:10     | Reached skill level 5 in Invocations
  9582 | D:11     | Noticed an ogre mage
  9590 | D:11     | Killed an ogre mage
  9605 | D:11     | Reached skill level 5 in Evocations
  9621 | D:11     | Noticed Wardy1's ghost (journeyman HOFi)
  9645 | D:11     | Killed Wardy1's ghost
  9647 | D:11     | Killed an unseen horror
  9672 | D:11     | Got a transparent gossamer ring
  9676 | D:11     | Identified the ring "Iqosoker" {*Tele rC+} (You found it on level 11 of the Dungeon)
  9803 | D:11     | Noticed a centaur warrior
  9812 | D:11     | Killed a centaur warrior
 10035 | D:11     | Received a gift from Nemelex Xobeh
 10322 | D:11     | Noticed a hill giant
 10332 | D:11     | Killed a hill giant
 10332 | D:11     | Reached XP level 12. HP: 110/110 MP: 15/15
 10416 | D:12     | Received a gift from Nemelex Xobeh
 10488 | D:12     | Noticed Fannar
 10491 | D:12     | Noticed Fannar
 10491 | D:12     | Fannar changed into Fannar the water nymph
 10492 | D:12     | Killed Fannar the water nymph
 10557 | D:12     | Gained mutation: You are resistant to electric shocks. (rElec) [potion of beneficial mutation]
 10558 | D:12     | Gained mutation: Your movements are slightly less encumbered by armour. (ER -2) [potion of beneficial mutation]
 10559 | D:12     | Gained mutation: Your muscles are strong. (Str +2) [potion of beneficial mutation]
 10668 | D:12     | Noticed Nessos
 10676 | D:12     | Killed Nessos
 10688 | D:12     | You fall through a shaft for 3 floors!
 10688 | D:15     | Entered Level 15 of the Dungeon
 10688 | D:15     | Reached *** piety under Nemelex Xobeh
 10758 | D:14     | Received a gift from Nemelex Xobeh
 10941 | D:14     | Noticed a centaur warrior
 10955 | D:14     | Killed a centaur warrior
 11514 | D:14     | Noticed a catoblepas
 11563 | D:14     | Killed a catoblepas
 11992 | D:14     | Noticed a centaur warrior
 12013 | D:14     | Killed a centaur warrior
 12164 | D:13     | Noticed a centaur warrior
 12173 | D:13     | Killed a centaur warrior
 12215 | D:13     | Received a gift from Nemelex Xobeh
 12253 | D:13     | Reached XP level 13. HP: 112/118 MP: 17/17
 12283 | D:13     | Reached **** piety under Nemelex Xobeh
 12469 | D:13     | You fall through a shaft!
 12947 | D:13     | Found a gate to the Vaults.
 13659 | D:12     | Received a gift from Nemelex Xobeh
 13764 | D:12     | Found a staircase to the Orcish Mines.
 13815 | Orc:1    | Entered Level 1 of the Orcish Mines
 13872 | Orc:1    | Found a radiant altar of Vehumet.
 13995 | Orc:2    | Entered Level 2 of the Orcish Mines
 14075 | Orc:2    | Received a gift from Nemelex Xobeh
 14142 | Orc:2    | Found a staircase to the Elven Halls.
 14219 | Orc:2    | Found Comisch's Jewellery Boutique.
 14219 | Orc:2    | Found Vedoovumm's Weapon Boutique.
 14236 | Orc:2    | Found Gaeh's Food Shop.
 14236 | Orc:2    | Found Cotoept's Jewellery Shop.
 14353 | Orc:2    | HP: 1/119 [cyclops/large rock (15)]
 14358 | Orc:2    | Hit by a large rock thrown by a cyclops

Skill      XL: |  1  2  3  4  5  6  7  8  9 10 11 12 13 |
---------------+----------------------------------------+-----
Fighting       | 4 5 6 7 9 10 11 12 | 12.6
Long Blades    | 3 4 5 6 7 8 9 10 11 12 | 12.2
Shields        | 4 5 6 7 9 10 11 12 | 12.7
Armour         | 4 5 6 7 9 10 11 12 | 12.7
Invocations    | 2 4 6 7 8 |  8.1
Evocations     | 2 4 5 6 7 |  7.5

Action                   |  1- 3 |  4- 6 |  7- 9 | 10-12 | 13-15 || total
-------------------------+-------+-------+-------+-------+-------++-------
Melee: Long sword        |   107 |   108 |   250 |   378 |       ||   843
       Headbutt          |    19 |    21 |    39 |   129 |    37 ||   245
       Scimitar          |       |       |       |   173 |   133 ||   306
 Abil: Evoke Flight      |       |       |     1 |       |       ||     1
Evoke: Deck              |       |       |     3 |    28 |    32 ||    63
       Wand              |       |       |       |     6 |     2 ||     8
  Use: Scroll            |     3 |    10 |     2 |    15 |     3 ||    33
       Potion            |       |     2 |     3 |    15 |       ||    20
 Stab: Invisible         |       |       |       |     1 |       ||     1
  Eat: Chunk             |     2 |     5 |     8 |    21 |     7 ||    43
       Pizza             |       |       |     1 |       |       ||     1
Armor: Scale mail        |    53 |    37 |    77 |   199 |     1 ||   367
       Mottled dragon sc |       |       |       |       |    44 ||    44
Dodge: Dodged            |    32 |    35 |    67 |   172 |    47 ||   353
Block: Shield            |    73 |    68 |   179 |   451 |   129 ||   900
       Rpst.: Long sword |     7 |     5 |    12 |    28 |       ||    52
       Scimitar          |       |       |       |     9 |    12 ||    21
